 Dungeon Crawl Stone Soup version 0.16.1-4-g8e1b745 (webtiles) character file.

193 inmateoo the Insei (level 5, -1/33 HPs)
             Began as an Octopode Transmuter on Mar 28, 2015.
             Slain by Grinder (2 damage)
             ... on level 3 of the Dungeon.
             The game lasted 00:06:02 (2927 turns).

inmateoo the Insei (Octopode Transmuter)            Turns: 2927, Time: 00:06:02

Health: -1/33      AC:  1    Str:  9    XL:     5   Next: 72%
Magic:  8/9        EV: 13    Int: 16    God:
Gold:   110        SH:  0    Dex: 13    Spells: 3 memorised, 3 levels left

rFire  . . .     SeeInvis .       - Unarmed
rCold  . . .     Clarity  .     (no shield)
rNeg   . . .     SustAb   .     (helmet restricted)
rPois  .         Gourm    .     i - amulet of resist corrosion
rElec  .         Spirit   .     (no ring)
rCorr  +         Warding  .     k - ring of stealth
rMut   .         Stasis   .     (no ring)
MR     .....                    (no ring)
Stlth  ++++......               (no ring)
                                (no ring)
                                (no ring)
                                (no ring)

@: appendage (expiring), not resistant to hostile enchantments, stealthy
A: almost no armour, amphibious, 8 rings, constrict 8, tentacle spike 3,
camouflage 1, gelatinous body 1
a: End Transformation


You were on level 3 of the Dungeon.
You were near starving.
One of your tentacles had a temporary spike.
You visited 1 branch of the dungeon, and saw 3 of its levels.

You collected 110 gold pieces.

Inventory:

Missiles
 b - 24 arrows
Armour
 j - a +0 shield
Jewellery
 i - an amulet of resist corrosion (around mantle)
 k - a ring of stealth (right tentacle)
 o - an uncursed ring of fire
Magical devices
 q - a wand of frost (13)
Scrolls
 e - a scroll of fear
 g - a scroll of teleportation
 r - a scroll of remove curse
 s - a scroll of enchant armour {unknown}
 t - a scroll of immolation {unknown}
Potions
 f - a potion of might
Books
 d - a book of Changes

   Spells                             Type                      Level
   a - Beastly Appendage              Transmutation                1
   b - Sticks to Snakes               Transmutation                2
   c - Spider Form                    Transmutation/Poison         3
   d - Ice Form                       Ice/Transmutation            4
   e - Blade Hands                    Transmutation                5
 u - a book of Hinderance

   Spells                             Type                      Level
   a - Confusing Touch                Hexes                        2
   b - Confuse                        Hexes                        3
   c - Petrify                        Transmutation/Earth          4
   d - Metabolic Englaciation         Hexes/Ice                    5
   e - Gell's Gravitas                Hexes/Translocation          5
   f - Summon Mana Viper              Hexes/Summoning              5
Comestibles
 a - 3 bread rations
 c - a slice of pizza
 n - a meat ration


   Skills:
 + Level 1.6 Fighting
 + Level 3.4 Dodging
 - Level 2.7 Stealth
 * Level 4.0 Unarmed Combat
 + Level 2.5 Spellcasting
 * Level 2.5 Transmutations
 - Level 0.2 Poison Magic
 - Level 0.2 Evocations


You had 3 spell levels left.
You knew the following spells:

 Your Spells              Type           Power        Failure   Level  Hunger
a - Beastly Appendage     Trmt           ##....       10%         1    #......
b - Sticks to Snakes      Trmt           ##........   12%         2    ##.....
c - Spider Form           Trmt/Pois      #.........   34%         3    ###....


Dungeon Overview and Level Annotations

Branches:
Dungeon (3/15)

Altars:
Dithmenos
Elyvilon
Gozag
Nemelex Xobeh
Ru

Annotations:
D:3 Grinder


Innate Abilities, Weirdness & Mutations

You cannot wear most types of armour.
You are amphibious.
You can wear up to eight rings at the same time.
You can use your tentacles to constrict many enemies at once.
Your skin changes colour to match your surroundings (Stealth).
Your rubbery body absorbs attacks (AC +1).
One of your tentacles bears a large vicious spike.


Message History

You tentacle-slap Grinder.
Grinder is moderately wounded.
You constrict Grinder. Grinder hits you!
* * * LOW HITPOINT WARNING * * *
You writhe in agony.
* * * LOW HITPOINT WARNING * * *
Drink which item? (? for menu, Esc to quit)
It was a potion of heal wounds.
You feel much better.
You constrict Grinder. Grinder hits you.
You writhe in agony.
You tentacle-slap Grinder but do no damage.
You pierce Grinder.
Grinder is heavily wounded.
You constrict Grinder. Grinder hits you!
You writhe in agony.
You barely miss Grinder.
Grinder is heavily wounded.
Your transformation is almost over.
You constrict Grinder. Grinder hits you!
* * * LOW HITPOINT WARNING * * *
You writhe in agony.
You die...

#.###.###.#......
#####.##.#.#......>..
#.......###...#...#.#
#.###.##.#.#...#.##. #.
#.##.........##.
#.##.###.##.).#...####.
#........######..## .
####....## #.... ####@#
##.### #5# #'# #.# ...
#.# ... ..# . ..# ##
... '.. ...# ### ..#


You could see Grinder.

Vanquished Creatures
  Ijyb (D:3)
  Robin (D:3)
  7 adders
  2 worms (D:3)
  An ooze (D:3)
  5 orcs (D:3)
  16 bats
  9 goblins
  16 hobgoblins
  3 quokkas
  5 giant cockroaches
  4 giant newts
  3 jackals (D:1)
  8 kobolds
  4 rats
85 creatures vanquished.

Notes
Turn   | Place    | Note
--------------------------------------------------------------
     0 | D:1      | inmateoo, the Octopode Transmuter, began the quest for the Orb.
     0 | D:1      | Reached XP level 1. HP: 13/13 MP: 3/3
   247 | D:1      | Reached XP level 2. HP: 15/18 MP: 4/4
   442 | D:1      | Learned a level 2 spell: Sticks to Snakes
   584 | D:2      | Reached skill level 1 in Stealth
   584 | D:2      | Reached XP level 3. HP: 16/23 MP: 4/6
   880 | D:2      | Learned a level 3 spell: Spider Form
  1141 | D:2      | Reached XP level 4. HP: 23/28 MP: 6/8
  1287 | D:3      | Noticed Robin
  1319 | D:3      | Noticed Ijyb
  1335 | D:3      | Killed Ijyb
  1748 | D:3      | Found a sacrificial altar of Ru.
  1748 | D:3      | Found an opulent altar of Gozag.
  1764 | D:3      | Found a shadowy altar of Dithmenos.
  1767 | D:3      | Found a white marble altar of Elyvilon.
  1770 | D:3      | Found a sparkling altar of Nemelex Xobeh.
  1773 | D:3      | Reached skill level 4 in Unarmed Combat
  1773 | D:3      | Reached XP level 5. HP: 28/33 MP: 7/9
  2406 | D:3      | Killed Robin
  2915 | D:3      | Noticed Grinder
  2927 | D:3      | HP: 1/33 [Grinder (11)]
  2927 | D:3      | Slain by Grinder

Action                   |  1- 3 |  4- 6 || total
-------------------------+-------+-------++-------
Melee: Unarmed           |    82 |   174 ||   256
 Cast: Beastly Appendage |    11 |    12 ||    23
       Spider Form       |       |     3 ||     3
Evoke: Wand              |       |     6 ||     6
  Use: Scroll            |       |     7 ||     7
       Potion            |       |     4 ||     4
 Stab: Sleeping          |     4 |     6 ||    10
       Invisible         |       |     4 ||     4
  Eat: Chunk             |       |     6 ||     6
